 Dungeon Crawl Stone Soup version 0.23-a0-629-gae4348f (webtiles) character file.

76490 GroovyGamera the Severer (level 15, -1/100 HPs)
             Began as a Gargoyle Fighter on Dec 26, 2018.
             Was an Elder of Makhleb.
             Killed from afar by an ogre mage (41 damage)
             ... with a crystal spear
             ... on level 15 of the Dungeon.
             The game lasted 01:13:25 (25048 turns).

GroovyGamera the Severer (Gargoyle Fighter)        Turns: 25048, Time: 01:13:26

Health: -1/100     AC: 32    Str: 21    XL:     15   Next: 53%
Magic:  24/24      EV:  6    Int: 14    God:    Makhleb [****..]
Gold:   1626       SH:  0    Dex:  9    Spells: 21/26 levels left

rFire    + . .     SeeInvis .   W - +2 battleaxe (venom)
rCold    + . .     Gourm    +   (shield currently unavailable)
rNeg     + . .     Faith    .   B - +4 plate armour
rPois    ∞         Spirit   .   c - +1 hat
rElec    +         Reflect  .   G - +0 cloak
rCorr    .         Harm     .   R - +0 pair of gloves
MR       +....                  P - +0 pair of boots
Stlth    ..........             O - amulet of the gourmand
HPRegen  0.26/turn              p - ring of protection from cold
MPRegen  0.19/turn              C - ring of protection from fire

@: no status effects
A: big wings, negative energy resistance 1, electricity resistance, unbreathing,
petrification resistance, rot immunity, AC +11
a: Fly, Minor Destruction, Lesser Servant of Makhleb, Major Destruction,
Renounce Religion


You were on level 15 of the Dungeon.
You worshipped Makhleb.
Makhleb was greatly pleased with you.
You were completely stuffed.

You visited 3 branches of the dungeon, and saw 22 of its levels.
You also visited: Ice Cave.

You collected 1626 gold pieces.

Inventory:

Hand Weapons
 x - a +1 morningstar of venom
 K - a +0 battleaxe
 M - the +10 hunting sling "Xuhe Kagg" {speed, SInv Stlth+}
   (You found it on level 4 of the Lair of Beasts)

   Attacks with this weapon are significantly faster.
   It lets you see invisible.
   It makes you more stealthy.
 W - a +2 battleaxe of venom (weapon)
Missiles
 h - 117 sling bullets
Armour
 c - a +1 hat (worn)
 d - a +1 chain mail of cold resistance
 s - a +2 large shield
 B - a +4 plate armour (worn)
 F - a +0 plate armour of positive energy
 G - a +0 cloak (worn)
 P - a +0 pair of boots (worn)
 R - a +0 pair of gloves (worn)
Jewellery
 p - a ring of protection from cold (left hand)
 r - a +2 ring of protection
 C - a ring of protection from fire (right hand)
 O - an amulet of the gourmand (around neck)
Wands
 b - a wand of enslavement (10)
 q - a wand of acid (34)
 v - a wand of iceblast (9)
 V - a wand of paralysis (19)
 X - a wand of digging (12)
Scrolls
 k - 5 scrolls of teleportation
 n - 2 scrolls of fear {unknown}
 o - 7 scrolls of remove curse
 u - 4 scrolls of amnesia
 y - a scroll of summoning {unknown}
 z - 3 scrolls of magic mapping {unknown}
 A - a scroll of random uselessness {unknown}
 E - 3 scrolls of enchant weapon
 I - 2 scrolls of blinking
 J - 3 scrolls of fog
 L - a scroll of holy word {unknown}
 Q - a scroll of vulnerability {unknown}
 T - a scroll of enchant armour {unknown}
 U - a scroll of silence {unknown}
Potions
 a - a potion of resistance
 e - 2 potions of brilliance
 g - 2 potions of cancellation
 i - 5 potions of curing
 j - 4 potions of heal wounds
 l - 2 potions of ambrosia
 t - 6 potions of mutation
 w - 4 potions of haste
 D - 2 potions of flight
 H - 4 potions of berserk rage
 N - 2 potions of invisibility
 S - 2 potions of lignification
 Z - a potion of might
Comestibles
 f - 36 rations


   Skills:
 + Level 14.3 Fighting
 * Level 15.7 Axes
 - Level 2.0 Slings
 - Level 5.3 Armour
 - Level 9.2 Shields
 + Level 6.2 Spellcasting
 + Level 6.3 Summonings
 - Level 10.0 Invocations


You had 21 spell levels left.
You knew the following spells:

 Your Spells              Type           Power        Failure   Level  Hunger
a - Summon Mana Viper     Hex/Summ       ##......     100%        5    ######.

Your spell library contained the following spells:

 Spells                   Type           Power        Failure   Level  Hunger
 Summon Butterflies       Summ           ###.....     24%         1    None
 Summon Small Mammal      Summ           ###.         24%         1    None
 Call Imp                 Summ           ###.....     36%         2    #......
 Call Canine Familiar     Summ           ###.....     58%         3    ###....
 Summon Guardian Golem    Hex/Summ       ##......     95%         3    ###....
 Animate Skeleton         Necr           N/A          98%         1    None
 Apportation              Tloc           #.....       98%         1    None
 Confusing Touch          Hex            #.....       98%         1    None
 Flame Tongue             Conj/Fire      #....        98%         1    None
 Shock                    Conj/Air       #...         98%         1    None
 Swiftness                Chrm/Air       #.......     99%         2    #......
 Throw Flame              Conj/Fire      #.....       99%         2    #......
 Conjure Flame            Conj/Fire      #.......     100%        3    ###....
 Inner Flame              Hex/Fire       #.......     100%        3    ###....
 Static Discharge         Conj/Air       #.......     100%        3    ###....
 Airstrike                Air            #.........   100%        4    ####...
 Sticky Flame             Conj/Fire      #.......     100%        4    ####...
 Summon Ice Beast         Ice/Summ       ##......     100%        4    ####...
 Summon Lightning Spire   Summ/Air       ##......     100%        4    ####...
 Fireball                 Conj/Fire      #.........   100%        5    ######.
 Lightning Bolt           Conj/Air       #.........   100%        5    ######.
 Summon Hydra             Summ           ###.......   100%        7    #######


Dungeon Overview and Level Annotations

Branches:
Dungeon (15/15)            Temple (1/1) D:4            Lair (6/6) D:9
 Shoals (0/4) Lair:3       Spider (0/4) Lair:2        Slime (0/5) Lair:6
    Orc (0/2) D:10         Vaults (0/5) D:14         Depths (0/5) D:15

Altars:
Ashenzari
Cheibriados
Dithmenos
Elyvilon
Fedhas
Gozag
Hepliaklqana
Kikubaaqudgha
Makhleb
Nemelex Xobeh
Okawaru
Qazlal
Ru
Sif Muna
Trog
Uskayaw
Vehumet
Wu Jian
Xom
Yredelemnul
Zin
The Shining One

Shops:
D:9 (

Annotations:
D:13 exclusion: orange crystal statue


Innate Abilities, Weirdness & Mutations

You are resistant to torment.
Your stone body is resilient. (AC +11)
You are immune to poison.
Your large and strong wings let you fly indefinitely.
You resist negative energy. (rN+)
You are resistant to electric shocks. (rElec)
You can survive without breathing.
You are immune to petrification.
You are immune to rotting.


Message History

The two-headed ogre looks as sick as possible!
You kill the two-headed ogre!
Makhleb accepts your kill.
You feel better. The ogre mage casts a spell at you. The bolt of cold hits you!
The ogre hits you with a +0 giant club!
Your plate armour prevents you from hitting the ogre mage.
The ogre mage is severely wounded.
You slash the two-headed ogre! You hit the ogre.
The ogre is poisoned.
The two-headed ogre hits you with a +0 great mace!
The two-headed ogre hits you but does no damage.
The ogre mage points at you and mumbles some strange words.
The crystal spear hits you! The ogre hits you but does no damage.
You are too injured to fight recklessly!
You are too injured to fight recklessly!
You are too injured to fight recklessly!
The ogre hits you but does no damage.
The ogre mage gestures at you while chanting.
The crystal spear hits you!
You die...

#.........#
####.......####
..########.
........#'##..# ..
.. #######.#.....#
##.....###.....#
##......)##.....#
#..#####..#####'##
#.O#...#.)#......#
#..O.>.#..'......#
#O@#...#..#......#
#..#####..#......#
.
##.).)...##......#
.
##.....##.......#
. #######........#
. ####'###....# .
#......#....# #
#......#....#
#####..#....#


You could see a two-headed ogre, an ogre mage and an ogre.

Vanquished Creatures
  Rupert (Lair:5)
  Kirke (D:13)
  Josephine (D:10)
  7 vault guards
  6 hydras
  A centaur warrior (D:13)
  An anaconda (shapeshifter) (D:15)
  5 death yaks
  4 two-headed ogres
  A tengu warrior (D:13)
  Nergalle (D:10)
  An unseen horror (D:15)
  2 ugly things (D:13)
  4 deep elf magi
  An orc sorcerer (D:15)
  2 wolf spiders (Lair:6)
  A cyclops (D:15)
  A manticore (D:15)
  An orb spider (Lair:2)
  7 black mambas
  8 elephants
  A merfolk siren (Lair:3)
  2 gargoyles
  10 spiny frogs
  A freezing wraith (D:15)
  5 komodo dragons
  4 rime drakes
  A queen bee (D:11)
  5 trolls
  9 polar bears
  2 hornets
  16 hippogriffs
  5 dream sheep (Lair:6)
  11 blink frogs
  4 redbacks (Lair:6)
  A centaur simulacrum (D:15)
  A spriggan (D:7)
  A shadow (D:11)
  47 yaks
  A vampire (D:14)
  15 wyverns
  3 wraiths
  3 basilisks
  A hungry ghost (D:11)
  3 hogs (D:13)
  A human (D:13)
  8 water moccasins
  8 porcupines
  9 orc warriors
  6 sky beasts
  A hornet zombie (D:15)
  2 ice beasts
  2 phantoms
  7 ogres
  29 wolves
  11 centaurs
  Blork the orc (D:6)
  12 crocodiles
  13 bullfrogs
  6 gnoll sergeants
  4 scorpions
  30 killer bees
  3 wights (D:14)
  6 electric eels
  2 howler monkeys
  4 crimson imps
  A quasit (D:9)
  10 hounds
  6 orc priests
  A bullfrog zombie (D:11)
  A gnoll shaman (D:7)
  3 jellies
  A bullfrog skeleton (D:4)
  14 orc wizards
  4 centaur skeletons
  4 iguanas
  Terence (D:3)
  7 worker ants
  A hound zombie (D:5)
  A hound skeleton (D:9)
  2 worker ant zombies
  8 gnolls
  19 adders
  4 shadow imps
  12 white imps (D:12)
  An ooze (D:2)
  An adder zombie (D:6)
  A worm (D:2)
  4 dart slugs (D:1)
  5 leopard geckos
  48 orcs
  8 giant cockroaches
  6 goblins
  5 hobgoblins
  14 jackals
  5 quokkas
  11 bats
  4 frilled lizards
  7 kobolds
  3 rats
  A fungus (Lair:3)
  18 plants
616 creatures vanquished.

Vanquished Creatures (collateral kills)
  A hydra (D:14)
  A catoblepas (Lair:6)
  3 death yaks (Lair:6)
  A guardian serpent (Lair:6)
  An ice statue (IceCv)
  2 black mambas (Lair:6)
  8 elephants
  A spiny frog (Lair:4)
  2 komodo dragons
  A tengu conjurer (D:13)
  2 polar bears (IceCv)
  A hornet (Lair:6)
  3 blink frogs (Lair:1)
  2 hungry ghosts
  3 water moccasins (Lair:6)
  A wolf (D:9)
  A centaur (D:12)
  2 hounds (D:9)
  A plant (Lair:3)
37 creatures vanquished.

Vanquished Creatures (others)
  A wyvern (Lair:6)
  A centaur (D:13)
  A crocodile (Lair:6)
  An orc wizard (D:5)
  12 fungi
  14 plants
30 creatures vanquished.

Grand Total: 683 creatures vanquished

Notes
Turn   | Place    | Note
-------+----------+-------------------------------------------
     0 | D:1      | GroovyGamera the Gargoyle Fighter began the quest for the
                  | Orb.
     0 | D:1      | Reached XP level 1. HP: 14/14 MP: 1/1
    76 | D:1      | Reached XP level 2. HP: 15/19 MP: 2/2
   237 | D:1      | Reached XP level 3. HP: 19/24 MP: 3/3
   561 | D:2      | Found a white marble altar of Elyvilon.
   571 | D:2      | Reached XP level 4. HP: 27/29 MP: 4/4
   844 | D:2      | Found a sparkling altar of Nemelex Xobeh.
  1130 | D:3      | Reached XP level 5. HP: 33/34 MP: 5/5
  1412 | D:3      | Noticed Terence
  1419 | D:3      | Killed Terence
  2090 | D:4      | Reached skill level 5 in Fighting
  2090 | D:4      | Reached skill level 5 in Armour
  2090 | D:4      | Reached skill level 5 in Shields
  2090 | D:4      | Reached XP level 6. HP: 32/40 MP: 6/6
  2721 | D:4      | Found a staircase to the Ecumenical Temple.
  2728 | Temple   | Entered the Ecumenical Temple
  2762 | Temple   | Became a worshipper of Makhleb the Destroyer
  3145 | D:5      | Entered Level 5 of the Dungeon
  3163 | D:5      | Reached skill level 2 in Axes
  3314 | D:5      | Reached skill level 1 in Invocations
  3314 | D:5      | Reached XP level 7. HP: 43/44 MP: 7/7
  3437 | D:5      | Reached skill level 3 in Axes
  3904 | D:5      | Noticed a hippogriff
  3932 | D:5      | Killed a hippogriff
  3932 | D:5      | Reached skill level 4 in Axes
  3932 | D:5      | Reached XP level 8. HP: 27/51 MP: 8/10
  4375 | D:6      | Reached * piety under Makhleb
  4439 | D:6      | Noticed Blork the orc
  4467 | D:6      | Killed Blork the orc
  4467 | D:6      | Reached skill level 5 in Axes
  4625 | D:6      | Found a bloodstained altar of Trog.
  4875 | D:7      | Reached skill level 6 in Axes
  4875 | D:7      | Reached XP level 9. HP: 57/57 MP: 12/12
  5124 | D:7      | Reached skill level 5 in Invocations
  5186 | D:7      | Found a shadowy altar of Dithmenos.
  5262 | D:7      | Reached ** piety under Makhleb
  5606 | D:8      | Noticed a hornet
  5617 | D:8      | Reached skill level 7 in Axes
  5630 | D:8      | Killed a hornet
  6092 | D:8      | Reached skill level 8 in Axes
  6092 | D:8      | Reached XP level 10. HP: 58/65 MP: 14/14
  6277 | D:8      | Found a burning altar of Makhleb.
  6595 | D:9      | Reached *** piety under Makhleb
  7144 | D:9      | Found Asmulun's Weapon Shop.
  7177 | D:9      | Reached skill level 9 in Axes
  7726 | D:10     | Entered Level 10 of the Dungeon
  7736 | D:10     | Noticed Josephine
  7823 | D:10     | Noticed Nergalle
  7851 | D:10     | Killed Nergalle
  8214 | D:10     | Reached XP level 11. HP: 58/72 MP: 17/17
  8348 | D:9      | Reached skill level 10 in Axes
  8403 | D:10     | Found a staircase to the Orcish Mines.
  8554 | D:10     | Killed Josephine
  8554 | D:10     | Reached skill level 10 in Fighting
  8574 | D:9      | Reached **** piety under Makhleb
  9400 | D:11     | Reached skill level 11 in Axes
  9988 | D:11     | Reached ***** piety under Makhleb
 10183 | D:11     | Reached XP level 12. HP: 80/80 MP: 19/19
 10676 | D:12     | Found a frozen archway.
 10802 | IceCv    | Entered an ice cave
 11336 | IceCv    | Reached skill level 10 in Invocations
 11559 | IceCv    | Reached skill level 12 in Axes
 12829 | IceCv    | Noticed a death yak
 12829 | IceCv    | Noticed a frost giant
 12845 | IceCv    | Killed a death yak
 13956 | D:9      | Found a staircase to the Lair.
 14237 | Lair:1   | Entered Level 1 of the Lair of Beasts
 14375 | Lair:1   | Reached skill level 13 in Axes
 14386 | Lair:1   | Reached XP level 13. HP: 58/86 MP: 20/20
 15155 | Lair:2   | Found a hole to the Spider Nest.
 15973 | Lair:3   | Found a staircase to the Shoals.
 16019 | Lair:3   | Learned a level 5 spell: Summon Mana Viper
 16190 | Lair:3   | Reached skill level 1 in Spellcasting
 16190 | Lair:3   | Reached skill level 1 in Summonings
 17743 | Lair:4   | Reached skill level 14 in Axes
 17879 | Lair:4   | Got an iridescent hunting sling
 17880 | Lair:4   | Identified the +10 hunting sling "Xuhe Kagg" {speed, SInv
                  | Stlth+} (You found it on level 4 of the Lair of Beasts)
 18835 | Lair:5   | Gained mutation: Your large and strong wings let you fly
                  | indefinitely. [Gargoyle growth]
 18835 | Lair:5   | Reached XP level 14. HP: 75/94 MP: 21/21
 18923 | Lair:5   | Noticed Rupert
 18939 | Lair:5   | Killed Rupert
 19275 | Lair:5   | Found a hazy altar of Hepliaklqana.
 19820 | Lair:6   | Entered Level 6 of the Lair of Beasts
 19969 | Lair:6   | Reached skill level 1 in Slings
 20775 | Lair:6   | Found a staircase to the Slime Pits.
 21150 | Lair:6   | Found a shimmering altar of Xom.
 21845 | D:13     | Reached skill level 15 in Axes
 21862 | D:13     | Reached skill level 5 in Summonings
 22213 | D:13     | Reached skill level 5 in Spellcasting
 22374 | D:13     | Noticed Kirke
 22388 | D:13     | Killed Kirke
 22392 | D:13     | Reached XP level 15. HP: 100/100 MP: 22/22
 23453 | D:14     | Found a blossoming altar of Fedhas.
 23581 | D:14     | Found a gate to the Vaults.
 23886 | D:15     | Entered Level 15 of the Dungeon
 25043 | D:15     | Found a staircase to the Depths.
 25048 | D:15     | Killed from afar by an ogre mage

Vault maps used:
D:1:      lightli_arrival_quake
D:2:      lemuel_coloured_pillars_altar, st_stairs_13, elyvilon_altar_5
D:3:      first_ration, uniq_terence
D:4:      temple_doors_ab
D:5:      minmay_a_box_with_orc_wizards_in_it
D:6:      basic_altar, uniq_blork_the_orc
D:7:      the_bakery, grunt_dithmenos_smoke_and_mirrors
D:8:      dk_noncrumbling_4, makhleb_heckhound_becter
D:9:      erik_lair_island, serial_shops, shop
D:10:     kennysheep_orc_monster_closet_entryway, uniq_josephine, uniq_nergalle
D:11:     minivault_7
D:12:     portal_ice_cave_entry_imps
D:13:     minivault_16, uniq_kirke
D:14:     erik_vaults_2, fedhas_altar_fruit_tree
D:15:     grunt_enter_depths_magical_seal, kennysheep_pointless_box,
          lemuel_blue_sif_altar
Temple:   nicolae_temple_the_god_donut
Lair:2:   nicolae_spider_entry_orb_guardian, serial_bayou_shore_b
Lair:3:   minmay_shoals_entry_lonely_mermaid
Lair:5:   basic_altar, cheibrodos_lair_reptile_den, uniq_rupert
Lair:6:   hangedman_lair_tendril_chambers, slime_dummy, basic_altar,
          serial_bayou_pond_a, lemuel_old_faithful
IceCv:    ice_cave_caverns_01

Skill      XL: |  1  2  3  4  5  6  7  8  9 10 11 12 13 14 15 |
---------------+----------------------------------------------+-----
Shields        | 4 5 7 9 |  9.2
Fighting       | 4 5 6 7 8 9 11 12 13 14 | 14.3
Armour         | 4 5 |  5.3
Axes           | 2 4 6 8 9 11 13 14 15 | 15.7
Invocations    | 1 3 4 6 8 9 10 | 10.0
Spellcasting   | 2 5 6 |  6.2
Summonings     | 3 5 6 |  6.3
Slings         | 2 |  2.0

Action                   |  1- 3 |  4- 6 |  7- 9 | 10-12 | 13-15 || total
-------------------------+-------+-------+-------+-------+-------++-------
Melee: War axe           |   119 |   287 |       |       |       ||   406
       Morningstar       |       |    10 |   469 |  1297 |   177 ||  1953
       Battleaxe         |       |       |       |    36 |   778 ||   814
 Fire: Hunting sling     |       |       |       |       |    85 ||    85
Throw: Javelin           |     7 |       |       |     3 |     7 ||    17
Invok: Lesser Servant of |       |       |       |    12 |    37 ||    49
  Use: Potion            |       |     1 |     2 |     1 |     4 ||     8
       Scroll            |       |     1 |       |    14 |     6 ||    21
 Stab: Distracted        |       |       |       |     1 |     8 ||     9
  Eat: Chunk             |       |     9 |    10 |    63 |    35 ||   117
       Ration            |       |       |       |     2 |       ||     2
Armor: Scale mail        |   113 |   126 |       |       |       ||   239
       Chain mail        |       |   136 |   214 |   235 |       ||   585
       Plate armour      |       |       |   148 |  1064 |  1070 ||  2282
Dodge: Dodged            |    60 |    81 |    44 |   191 |   300 ||   676
Block: Shield            |    90 |    22 |       |       |       ||   112
       Large shield      |       |   320 |   379 |  1412 |   102 ||  2213

Table legend:
 A = Non-vault XP
 B = Vault XP
 C = Vault XP percentage of total XP
 D = Non-vault monster count
 E = Vault monster count
 F = Vault count percentage of total count
                 A         B        C        D         E       F
            +---------+---------+-------+---------+---------+-------
      Total |   67299 |   41973 |  38.4 |     462 |     172 |  27.1
            +---------+---------+-------+---------+---------+-------
        D:1 |      50 |       0 |   0.0 |      24 |       0 |   0.0
        D:2 |      77 |       1 |   1.3 |      21 |       1 |   4.5
        D:3 |     110 |      36 |  24.7 |      23 |       1 |   4.2
        D:4 |     282 |       0 |   0.0 |      18 |       0 |   0.0
        D:5 |     714 |      87 |  10.9 |      16 |       3 |  15.8
        D:6 |     883 |     100 |  10.2 |      19 |       1 |   5.0
        D:7 |     732 |     215 |  22.7 |      23 |       1 |   4.2
        D:8 |    1719 |      42 |   2.4 |      30 |       1 |   3.2
        D:9 |    2299 |    1600 |  41.0 |      34 |      17 |  33.3
       D:10 |    1709 |    2696 |  61.2 |      13 |      16 |  55.2
       D:11 |    4642 |    1365 |  22.7 |      39 |      18 |  31.6
       D:12 |    1623 |     123 |   7.0 |      19 |      12 |  38.7
       D:13 |    5243 |    3640 |  41.0 |      16 |       5 |  23.8
       D:14 |    5357 |    5873 |  52.3 |      20 |       6 |  23.1
       D:15 |    5424 |    4023 |  42.6 |      15 |       6 |  28.6
     Lair:1 |    4989 |       0 |   0.0 |      21 |       0 |   0.0
     Lair:2 |    2273 |     556 |  19.7 |       9 |       1 |  10.0
     Lair:3 |    7718 |     442 |   5.4 |      35 |       1 |   2.8
     Lair:4 |    7099 |       0 |   0.0 |      24 |       0 |   0.0
     Lair:5 |    2614 |    2861 |  52.3 |      11 |       3 |  21.4
     Lair:6 |   11742 |    8958 |  43.3 |      32 |      32 |  50.0
      IceCv |       0 |    9355 | 100.0 |       0 |      47 | 100.0
            +---------+---------+-------+---------+---------+-------
